Map: Cyber Forest LE

Players

darkplayer

  • Race: Terran Terran
  • League: Bronze
  • Spawn Location: 5:00

SweetLabrone - Winner!

  • Race: Protoss Protoss
  • Spawn Location: 11:00

VOD

Have the link to the VOD?

Description

Time

  • Played on: July 7, 2019, 4:19 p.m.
  • Length: 13:41
Show
View Real Time Build Order
Export as new Build Order

darkplayer Terran 

Build Orders:  

Get SALT Encoding   

  12  0:13  Supply Depot  
  12  0:19  SCV  
  13  0:31  SCV  
  14  0:38  Barracks  
  14  0:50  Supply Depot  
  14  0:53  SCV  
  15  1:00  Refinery  
  15  1:05  SCV  
  16  1:21  Refinery  
  16  1:22  SCV  
  17  1:32  Engineering Bay  
  17  1:34  SCV  
  18  1:41  Marine  
  19  1:48  SCV  
  20  1:59  Marine  
  21  2:31  Factory  
  21  2:32  Marine  
  22  2:50  Marine  
  23  2:52  Orbital Command  
  23  3:00  Command Center  
  23  3:08  Marine  
  24  3:15  Factory Tech Lab  
  24  3:22  Starport  
  24  3:26  Marine  
  25  3:43  Siege Tank  
  25  3:44  Marine  
  29  3:53  Supply Depot  
  29  3:56  SCV  
  30  4:11  Medivac  
  30  4:15  Siege Tank  
  35  4:28  Supply Depot  
  35  4:51  Supply Depot  
  34  5:46  Medivac  
  34  5:48  Siege Tank  
  39  5:50  Marine  
  40  6:00  Armory  
  40  6:07  SCV, Marine  
  42  6:16  Medivac  
  44  6:19  SCV  
  44  6:25  Marine  
  45  6:31  SCV  
  47  6:43  Marine  
  39  7:12  SCV  
  40  7:16  Medivac  
  40  7:17  Marine  
  40  7:19  Thor  
  49  7:24  SCV  
  50  7:35  Marine  
  50  7:36  SCV  
  51  7:48  SCV  
  52  7:52  Marine  
  53  8:00  SCV  
  53  8:02  Thor  
  60  8:10  Marine  
  60  8:12  SCV, Refinery  
  62  8:18  Refinery  
  62  8:24  SCV  
  63  8:32  Terran Vehicle Weapons Level 1  
  63  8:36  SCV  
  64  8:48  SCV  
  65  9:00  SCV  
  66  9:13  SCV  
  47  9:25  SCV  
  47  9:27  Marine  
  47  9:30  Viking  
  51  9:32  Thor  
  51  9:37  SCV  
  55  9:45  Marine  
  55  9:49  SCV  
  56  10:00  Viking  
  56  10:03  Marine  
  59  10:21  Marine  
  48  10:30  Viking  
  50  10:38  Marine  
  51  10:43  Thor  
  51  10:44  SCV  
  51  10:57  SCV  
  52  11:00  Viking  
  54  11:09  SCV  
  55  11:19  Planetary Fortress  
  55  11:23  Refinery  
  55  11:30  Viking  
  57  11:35  Marine  
  58  11:42  Supply Depot  
  58  11:53  Marine  
  59  12:00  Viking  
  61  12:03  Thor  
  61  12:04  Supply Depot  
  67  12:11  Marine  
  67  12:12  SCV  
  69  12:19  Refinery  
  69  12:24  SCV  
  69  12:26  Supply Depot  
  69  12:28  Marine  
  71  12:30  Medivac  
  71  12:36  SCV  
  74  12:46  Marine  
  74  12:48  Supply Depot  
  76  12:54  Armory  
  72  13:00  Medivac  
Show
View Real Time Build Order
Export as new Build Order

SweetLabrone Protoss - Winner!

Build Orders:  

Get SALT Encoding   

  12  0:01  Probe  
  13  0:13  Probe  
  14  0:25  Pylon  
  14  0:27  Probe  
  15  0:43  Probe  
  15  0:44  Gateway  
  16  0:55  Probe  
  17  0:58  Assimilator  
  17  1:07  Probe  
  18  1:19  Probe  
  19  1:31  Probe  
  20  1:42  Pylon  
  20  1:49  Cybernetics Core  
  20  1:58  Gateway  
  20  1:59  Gateway  
  20  2:07  Probe  
  21  2:34  Warp Gate  
  21  2:35  Nexus  
  21  2:37  Pylon  
  21  2:38  Assimilator  
  21  2:41  Sentry  
  23  2:55  Adept x2  
  27  3:15  Assimilator  
  27  3:16  Probe  
  28  3:30  Adept x2  
  32  4:03  Zealot  
  32  4:08  Stalker  
  32  4:09  Stalker  
  38  4:15  Probe x2  
  40  4:34  Nexus  
  40  4:36  Pylon  
  40  4:49  Pylon  
  40  4:52  Pylon  
  36  5:33  Stargate  
  36  5:35  Stargate  
  36  5:39  Assimilator  
  36  5:41  Probe x2  
  38  5:43  Assimilator  
  38  5:47  Stalker x2  
  38  5:48  Stalker  
  44  6:01  Robotics Facility  
  44  6:02  Robotics Facility  
  44  6:23  Void Ray  
  48  6:26  Oracle  
  50  6:49  Immortal x2  
  58  6:57  Probe x2  
  60  7:04  Probe  
  61  7:09  Probe  
  62  7:22  Forge  
  60  7:38  Observer  
  60  7:49  Warp Prism  
  63  8:02  Void Ray x2  
  71  8:35  Warp Prism x2  
  71  9:29  Stalker x3  
  62  10:01  Void Ray x2  
  65  10:18  Adept x3  
  71  10:44  Probe  
  71  10:45  Probe x2  
  71  10:56  Probe  
  72  10:57  Protoss Ground Weapons Level 1  
  72  11:00  Void Ray x2  
  80  11:04  Immortal  
  76  11:56  Probe x2  
  78  12:10  Stalker x3  
  84  12:19  Gateway  
  84  12:21  Gateway  
  84  12:22  Gateway  
  84  12:39  Stalker x2  
  84  12:40  Stalker  
  72  13:18  Stalker  
  72  13:19  Stalker x3  
Tags
 
League
Bronze
Matchup
PvT
Spawn Locations
Cross Positions
Add a new tag
Caveats
  • Supply blocks, unpowered buildings, or Contaminate may cause inaccurate times.
  • Supply counts are checked every 10 seconds.